 Dungeon Crawl Stone Soup version 0.27-a0-1149-g4505690ab0 (webtiles) character file.

Game seed: 8272802891768384387

123 lunkers the Stinger (level 4, -1/30 HPs)
             Began as a Demonspawn Venom Mage on May 13, 2021.
             Slain by Sigmund
             ... wielding a +0 scythe
              (9 damage)
             ... on level 3 of the Dungeon.
             The game lasted 00:04:38 (3599 turns).

lunkers the Stinger (Demonspawn Venom Mage)         Turns: 3599, Time: 00:04:39

Health: -1/30      AC:  4    Str:  8    XL:     4   Next: 80%
Magic:  6/8        EV: 15    Int: 18    God:
Gold:   60         SH:  4    Dex: 13    Spells: 6/9 levels left

rFire    + . .     SeeInvis .   (no weapon)
rCold    . . .     Faith    .   (no shield)
rNeg     + . .     Spirit   .   n - +0 leather armour {rF+}
rPois    .         Reflect  .   (no helmet)
rElec    .         Harm     .   (no cloak)
rCorr    .         Rampage  .   l - +0 pair of gloves
Will     .....                  (no boots)
Stlth    ++........             (no amulet)
HPRegen  0.10/turn              b - +4 ring of evasion
MPRegen  0.11/turn              e - ring of positive energy

@: no status effects
A: large bone plates 1, powered by pain 1
a: no special abilities


You were on level 3 of the Dungeon.
You visited 1 branch of the dungeon, and saw 3 of its levels.

You collected 60 gold pieces.

Inventory:

Missiles
 d - 6 atropa-tipped darts
Armour
 a - a +0 robe
 l - a +0 pair of gloves (worn)
 n - a +0 leather armour of fire resistance (worn)
Jewellery
 b - a +4 ring of evasion (left hand)
 e - a ring of positive energy (right hand)
 i - a ring of ice
 j - a ring of flight
Scrolls
 f - a scroll of vulnerability {unknown}
 h - a scroll of magic mapping {unknown}
 k - 3 scrolls of identify {unknown}
 m - a scroll of torment {unknown}
Potions
 c - 2 potions of curing {unknown}
 g - 2 potions of lignification {unknown}


   Skills:
 - Level 1.7 Dodging
 - Level 1.7 Stealth
 + Level 3.1 Spellcasting
 - Level 0.8 Transmutations
 * Level 4.9 Poison Magic


You had 6 spell levels left.
You knew the following spells:

 Your Spells              Type           Power      Damage    Failure   Level
a - Poisonous Vapours     Pois/Air       22%        N/A       13%         2
b - Sting                 Tmut/Pois      52%        1d5       7%          1

Your spell library contained the following spells:

 Spells                   Type           Power      Damage    Failure   Level
 Olgreb's Toxic Radiance  Pois           20%        N/A       30%         4
 Ignite Poison            Fire/Tmut/Pois 9%         N/A       32%         3
 Mephitic Cloud           Conj/Pois/Air  8%         N/A       34%         3


Dungeon Overview and Level Annotations

Branches:
Dungeon (3/15)

Altars:

Annotations:
D:3 Sigmund


Innate Abilities, Weirdness & Mutations

You are partially covered in large bone plates. (SH +4)
You sometimes gain a little power by taking damage.


Message History

You focus on the pain.
You feel your power returning.
You feel less confused. Something barely misses you.
You hear some strange, mumbled words.
A magic dart appears from out of thin air!
The magic dart hits you.
* * * LOW HITPOINT WARNING * * *
You barely miss something.
You hear some strange, mumbled words.
Something tries to affect you, but you resist.
Casting: Poisonous Vapours (safe; 13% risk of failure)
Confirm with . or Enter, or press ? or * to list all spells.
Aiming: Poisonous Vapours (safe; 13% risk of failure)
Press: ? - help, Dir - move target You see nothing there to target!
Casting: Poisonous Vapours (safe; 13% risk of failure)
Confirm with . or Enter, or press ? or * to list all spells.
Aiming: Poisonous Vapours (safe; 13% risk of failure)
Press: ? - help, Dir - move target You see nothing there to target!
Casting: Poisonous Vapours (safe; 13% risk of failure)
Confirm with . or Enter, or press ? or * to list all spells.
Okay, then.
Casting: Poisonous Vapours (safe; 13% risk of failure)
Confirm with . or Enter, or press ? or * to list all spells.
Aiming: Poisonous Vapours (safe; 13% risk of failure)
Press: ? - help, Dir - move target You see nothing there to target!
Casting: Poisonous Vapours (safe; 13% risk of failure)
Confirm with . or Enter, or press ? or * to list all spells.
Aiming: Sting (safe; 7% risk of failure)
Press: ? - help, Shift-Dir - straight line Something hits you.
* * * LOW HITPOINT WARNING * * *
Casting: Sting (safe; 7% risk of failure)
Confirm with . or Enter, or press ? or * to list all spells.
Aiming: Sting (safe; 7% risk of failure)
Press: ? - help, Shift-Dir - straight line Something hits you!
You die...

#####################
#....##.............######
###.........†...............
##......#.....######.########
##.......)......## #.#####≈≈#
#...........{@...# #...8#.≈≈.
#................# ###.(#.≈≈.
#................# #.##.≈≈.
#>...[...........# #.##.≈≈.
#................# #.##.≈≈.
#................# #.8#.≈≈.
##..............## #.)#.≈≈.
##............## #.##.≈≈.
#...>.....### #.##.≈≈.


There were no monsters in sight!

Vanquished Creatures
  A jelly (D:3)
  2 adders
  2 worms (D:3)
  A dart slug (D:3)
  3 orcs (D:3)
  5 ball pythons
  5 bats
  5 endoplasms
  3 giant cockroaches
  5 goblins
  6 hobgoblins
  3 kobolds
  5 quokkas
  14 frilled lizards
  4 rats
64 creatures vanquished.

Vanquished Creatures (others)
  6 plants (D:2)
6 creatures vanquished.

Grand Total: 70 creatures vanquished

Notes
Turn   | Place    | Note
-------+----------+-------------------------------------------
     0 | D:1      | lunkers the Demonspawn Venom Mage began the quest for the
                  | Orb.
     0 | D:1      | Reached XP level 1. HP: 13/13 MP: 3/3
   403 | D:1      | Gained mutation: You sometimes gain a little power by
                  | taking damage. [demonic ancestry]
   403 | D:1      | Reached XP level 2. HP: 19/19 MP: 3/5
  1284 | D:2      | Gained mutation: You are partially covered in large bone
                  | plates. (SH +4) [demonic ancestry]
  1284 | D:2      | Reached XP level 3. HP: 17/24 MP: 0/6
  1644 | D:2      | Reached skill level 4 in Poison Magic
  3017 | D:3      | Reached XP level 4. HP: 21/30 MP: 0/8
  3361 | D:3      | Learned a level 2 spell: Poisonous Vapours
  3562 | D:3      | Noticed Sigmund
  3599 | D:3      | Slain by Sigmund

Illustrated notes

Levels and vault maps discovered:
D:1:      sevenhm_arrival_forest_fort_large_4, layout_basic
D:2:      minmay_inner_zag, layout_loops_corners, minmay_lizard_king
D:3:      wad_river_or_something, layout_rooms,
          shapermc_ecumenical_altar_totnotflames, uniq_sigmund

Skill      XL: |  1  2  3  4 |
---------------+-------------+-----
Poison Magic   | 4 |  4.9
Spellcasting   | 3 |  3.1
Dodging        | |  1.7
Stealth        | |  1.7
Transmutations | |  0.8

Action                   |  1- 3 |  4- 6 || total
-------------------------+-------+-------++-------
Melee: Unarmed           |    12 |     2 ||    14
 Cast: Sting             |   111 |    32 ||   143
       Poisonous Vapours |       |     9 ||     9
Armor: Robe              |     5 |     1 ||     6
       Leather armour    |       |     1 ||     1
Dodge: Dodged            |    30 |     7 ||    37
Block: Other             |     6 |     3 ||     9

Table legend: (Time is in decaauts)
 A = Elapsed time spent in this place.
 B = Non-inter-level travel time spent in this place.
 C = Inter-level travel time spent in this place.
 D = Time resting spent in this place.
 E = Time spent auto-exploring this place.
 F = Levels seen in this place.
 G = Mean time per level.
                   A        B        C        D        E       F      G
               +--------+--------+--------+--------+--------+-----+--------+
         Total |   3600 |   3467 |    133 |      0 |   3024 |   3 | 1200.0 |
       Dungeon |   3600 |   3467 |    133 |      0 |   3024 |   3 | 1200.0 |
               +--------+--------+--------+--------+--------+-----+--------+

Top non-repeatable levels by time:
     D:2: 1670 daAuts
     D:1: 1049 daAuts
     D:3: 880 daAuts
